 Dungeon Crawl Stone Soup version 0.32-a0-411-g744942f (webtiles) character file.

Game seed: 6223160264212663962

1628874 huiren the Acrobat (level 27, 231/231 HPs)
             Began as a Coglin Alchemist on Feb 18, 2024.
             Was a High Priest of Wu Jian.
             Escaped with the Orb
             ... and 3 runes on Feb 20, 2024!
             The game lasted 07:38:24 (79112 turns).

huiren the Acrobat (Coglin Alchemist)              Turns: 79112, Time: 07:38:24

Health: 231/231    AC: 31    Str:  9    XL:     27
Magic:  35/35      EV: 26    Int: 18    God:    Wu Jian [*****.]
Gold:   4122       SH:  0    Dex: 36    Spells: 7/43 levels left

rFire   + + +        Q - +9 demon blade (spect) {Cihuaton}
rCold   + . .        x - +9 quick blade (distort) {Juhanna}
rNeg    + + .        s - +7 fire dragon scales
rPois   +            J - +0 hat {SInv}
rElec   +            y - scarf of the Treeataur {rC+ rF+, Will++}
rCorr   +            S - +2 pair of gloves {Stlth+}
SInv    +            V - +4 pair of boots "Pedoufeh" {rN+}
Will    ++++.        F - amulet of faith
Stlth   ++           U - ring of Puess {+Blink rElec rCorr Dex+6 Slay+2}
HPRegen 0.58/turn    N - ring of Coronation {rPois rN+ Dex+5}
MPRegen 0.24/turn

%: faith
@: studying Short Blades
A: off-hand wielding, slow wielding, warmup strikes, legs shutdown, cold
resistance 1, no potion heal 1
0: Orb of Zot
}: 3/15 runes: barnacled, silver, gossamer
a: Renounce Religion, Evoke Blink, Wall Jump, Serpent's Lash, Heavenly Storm


You escaped.
You worshipped Wu Jian.
Wu Jian was extremely pleased with you.
You visited 11 branches of the dungeon, and saw 51 of its levels.
You visited 1 bazaar.
You visited 1 ziggurat, and saw 12 of its levels.
You also visited: Bailey, Volcano and Wizlab.

You collected 8488 gold pieces.
You spent 4366 gold pieces at shops.

Inventory:

Hand Weapons
 x - a +9 quick blade of distortion (offhand) {Juhanna}
 Q - a +9 spectral demon blade (weapon) {Cihuaton}
Armour
 s - +7 fire dragon scales (worn)
 y - the scarf of the Treeataur (worn) {rC+ rF+, Will++}
   (You acquired it on level 4 of the Realm of Zot)

   Will++:    It greatly increases your willpower.
 J - a +0 hat of see invisible (worn)
 S - a +2 pair of gloves of stealth (worn)
 V - the +4 pair of boots "Pedoufeh" (worn) {rN+}
   (You found it on level 2 of the Depths)

   rN+:       It protects you from negative energy.
 Y - the +1 pair of gloves of Courage {rF+ Int+3}
   (You found it on level 12 of a ziggurat)

   Int+3:     It affects your intelligence (+3).
   rF+:       It protects you from fire.
 Z - the +1 pair of boots of the Camelopard {rC+}
   (You found it on level 2 of the Depths)

   rC+:       It protects you from cold.
Jewellery
 F - an amulet of faith (around neck)
 N - the ring of Coronation (right grasper) {rPois rN+ Dex+5}
   (You took it off a royal mummy on level 3 of the Crypt)

   [ring of positive energy]

   Dex+5:     It affects your dexterity (+5).
   rPois:     It protects you from poison rN+: It protects you from negative
   energy.
 U - the ring of Puess (left grasper) {+Blink rElec rCorr Dex+6 Slay+2}
   (You found it on level 5 of the Vaults)

   [ring of dexterity]

   Dex+6:     It affects your dexterity (+6).
   Slay+2:    It affects your accuracy & damage with ranged weapons and melee
   (+2).
   rElec:     It insulates you from electricity.
   +Blink:    It lets you blink.
   rCorr:     It protects you from acid and corrosion.
Wands
 c - a wand of mindburst (32)
 g - a wand of light (53)
 p - a wand of polymorph (32)
 r - a wand of paralysis (74)
 D - a wand of flame (79)
 E - a wand of digging (15)
 P - a wand of iceblast (41)
Scrolls
 a - 9 scrolls of blinking
 d - a scroll of brand weapon
 e - 10 scrolls of amnesia
 f - 14 scrolls of fear
 k - 2 scrolls of silence
 l - 28 scrolls of teleportation
 v - 13 scrolls of revelation
 H - 5 scrolls of butterflies
 I - a scroll of torment
 L - 7 scrolls of fog
Potions
 b - 5 potions of magic
 h - a potion of resistance
 i - 2 potions of haste
 m - 4 potions of might
 n - 8 potions of enlightenment
 o - 5 potions of ambrosia
 t - 5 potions of invisibility
 u - a potion of lignification
 w - 7 potions of cancellation
 z - 10 potions of brilliance
 B - 7 potions of heal wounds
 C - 17 potions of curing
 G - 3 potions of attraction
 K - 3 potions of berserk rage
 W - 2 potions of mutation
Miscellaneous
 j - a lightning rod (4/4)
 q - a phial of floods
 O - a tin of tremorstones (2/2)
 R - a sack of spiders
 X - a phantom mirror


   Skills:
 + Level 22.2 Fighting
 - Level 14.0(15.7) Short Blades
 - Level 13.0(16.0) Long Blades
 + Level 19.5 Armour
 + Level 22.4 Dodging
 - Level 10.0 Stealth
 - Level 8.7 Spellcasting
 - Level 11.8 Conjurations
 - Level 12.7 Translocations
 - Level 4.3 Fire Magic
 - Level 8.7 Air Magic
 - Level 8.7 Earth Magic
 - Level 13.3 Alchemy
 - Level 17.7 Evocations


You had 7 spell levels left.
You knew the following spells:

 Your Spells              Type           Power      Damage    Failure   Level
a - Petrify               Alch/Erth      47%        N/A       4%          4
b - Fulminant Prism       Conj/Alch      26%        3d14      2%          4
c - Mephitic Cloud        Conj/Alch/Air  48%        N/A       1%          3
d - Olgreb's Toxic Radia  Alch           54%        N/A       1%          4
e - Sticky Flame          Fire/Alch      39%        2d8       11%         4
f - Irradiate             Conj/Alch      26%        3d20      6%          5
g - Vhi's Electric Charg  Tloc/Air       92%        N/A       4%          4
h - Manifold Assault      Tloc           52%        N/A       1%          4
i - Passage of Golubria   Tloc           52%        N/A       1%          4

Your spell library contained the following spells:

 Spells                   Type           Power      Damage    Failure   Level
 Apportation              Tloc           100%       N/A       1%          1
 Foxfire                  Conj/Fire      100%       2x1d9     1%          1
 Magic Dart               Conj           100%       1d8       1%          1
 Sandblast                Erth           78%        2d17      1%          1
 Sting                    Conj/Alch      100%       1d9       1%          1
 Blink                    Tloc           100%       N/A       1%          2
 Lesser Beckoning         Tloc           100%       N/A       1%          2
 Mercury Vapours          Alch/Air       94%        N/A       1%          2
 Static Discharge         Conj/Air       88%        3-7/arc   1%          2
 Gell's Gravitas          Tloc           52%        N/A       1%          3
 Stone Arrow              Conj/Erth      88%        3d12      1%          3
 Teleport Other           Tloc           52%        N/A       1%          3
 Iskenderun's Mystic Bla  Conj/Tloc      51%        2d11      2%          4
 Kiss of Death            Conj/Necr      100%       2d13      3%          1
 Cigotuvi's Dreadful Rot  Necr/Alch/Air  68%        N/A       3%          2
 Passwall                 Erth           39%        N/A       3%          3
 Volatile Blastmotes      Fire/Tloc      76%        2d16      3%          3
 Leda's Liquefaction      Alch/Erth      23%        N/A       4%          4
 Brom's Barrelling Bould  Conj/Erth      44%        2d6       6%          4
 Iskenderun's Battlesphe  Conj           50%        2d10      9%          5
 Dazzling Flash           Conj/Hex       58%        N/A       11%         3
 Hailstorm                Conj/Ice       29%        3d8       11%         3
 Airstrike                Air            19%        2d(3-19)  11%         4
 Ignite Poison            Fire/Alch      39%        N/A       11%         4
 Flame Wave               Conj/Fire      36%        2d10      14%         4
 Arcjolt                  Conj/Air       22%        1d32      16%         5
 Eringya's Noxious Bog    Alch           27%        4d6       26%         6
 Lee's Rapid Deconstruct  Erth           19%        3d11*     30%         5
 Dispersal                Tloc           26%        N/A       32%         6
 Freeze                   Ice            28%        1d5       36%         1
 Necrotise                Necr           28%        1d5       36%         1
 Slow                     Hex            28%        N/A       36%         1
 Summon Small Mammal      Summ           28%        N/A       36%         1
 Inner Flame              Hex/Fire       15%        N/A       43%         3
 Call Imp                 Summ           14%        N/A       52%         2
 Ensorcelled Hibernation  Hex/Ice        14%        N/A       52%         2
 Jinxbite                 Hex            14%        N/A       52%         2
 Sublimation of Blood     Necr           7%         N/A       52%         2
 Animate Armour           Summ/Erth      46%        N/A       54%         4
 Summon Lightning Spire   Summ/Air       23%        N/A       54%         4
 Freezing Cloud           Conj/Ice/Air   16%        6-21      54%         5
 Yara's Violent Unravell  Hex/Alch       15%        3d8       56%         5
 Bombard                  Conj/Erth      22%        9d4       65%         6
 Call Canine Familiar     Summ           7%         N/A       75%         3
 Confusing Touch          Hex            7%         N/A       75%         3
 Frozen Ramparts          Ice            14%        1d3       75%         3
 Ozocubu's Armour         Ice            7%         N/A       75%         3
 Sigil of Binding         Hex            7%         N/A       75%         3
 Summon Ice Beast         Ice/Summ       7%         N/A       75%         3
 Vampiric Draining        Necr           7%         2d6       75%         3
 Summon Blazeheart Golem  Fire/Summ      15%        N/A       85%         4
 Borgnjor's Vile Clutch   Necr/Erth      11%        N/A       88%         5
 Silence                  Hex/Air        11%        N/A       88%         5
 Starburst                Conj/Fire      18%        6d7       91%         6
 Animate Dead             Necr           7%         N/A       98%         4
 Sculpt Simulacrum        Ice/Alch       15%        N/A       98%         6
 Plasma Beam              Fire/Air       15%        2x1d27    99%         6
 Curse of Agony           Necr           7%         N/A       100%        5
 Metabolic Englaciation   Hex/Ice        3%         N/A       100%        5
 Summon Mana Viper        Hex/Summ       7%         N/A       100%        5
 Death Channel            Necr           3%         N/A       100%        6
 Enfeeble                 Hex            3%         N/A       100%        7
 Haunt                    Necr/Summ      3%         N/A       100%        7
 Monstrous Menagerie      Summ           3%         N/A       100%        7
 Ozocubu's Refrigeration  Ice            3%         4d8       100%        7
 Spellforged Servitor     Conj/Summ      14%        N/A       100%        7
 Summon Hydra             Summ           3%         N/A       100%        7
 Borgnjor's Revivificati  Necr           3%         N/A       100%        8
 Discord                  Hex            3%         N/A       100%        8
 Disjunction              Tloc           26%        N/A       100%        8
 Ignition                 Fire           11%        3d5       100%        8
 Lehudib's Crystal Spear  Conj/Erth      22%        10d6      100%        8
 Maxwell's Capacitive Co  Air            19%        ∞         100%        8
 Death's Door             Necr           3%         N/A       100%        9
 Polar Vortex             Ice            3%         N/A       100%        9


Dungeon Overview and Level Annotations

Branches:
Dungeon (15/15)            Temple (1/1) D:7            Lair (5/5) D:8
 Shoals (4/4) Lair:3       Spider (4/4) Lair:3          Orc (2/2) D:12
    Elf (3/3) Orc:2        Vaults (5/5) D:13          Crypt (3/3) Vaults:3
   Tomb (0/3) Crypt:3      Depths (4/4) D:15            Zot (5/5) Depths:4
 Bailey (visited)         Volcano (visited)          WizLab (visited)
  Slime: Lair:4-5

Altars:
Ashenzari
Cheibriados
Dithmenos
Elyvilon
Fedhas
Gozag
Hepliaklqana
Kikubaaqudgha
Makhleb
Nemelex Xobeh
Okawaru
Qazlal
Ru
Sif Muna
Trog
Uskayaw
Vehumet
Wu Jian
Xom
Yredelemnul
Zin
The Shining One
Beogh
Jiyva

Shops:
D:1 *   D:15 **[!   Orc:2 :*[(   Shoals:1 *   Shoals:2 (   Shoals:4 *
Vaults:1 !   Depths:1 ==:   Depths:2 :   Depths:4 !

Portals:
Hell: Depths:1 Depths:2 Depths:3 Depths:4
Abyss: Zot:2 Depths:2 Depths:3
Pandemonium: Depths:1 Depths:2 Depths:3 Depths:4

Annotations:
D:8 exclusion: ice statue
D:13 3 runed translucent doors, Hicry's ghost, journeyman TrSh
Lair:4 2 transporters, exclusion: ice statue, Lovepenguin's ghost, journeyman DrBe
Lair:5 exclusion: oklob plant
Crypt:3 Ciwiv's ghost, veteran FoFi
Zot:2 2 transporters, Egutz's ghost, master TrFi
Zot:4 1 transporter
Abyss:1 Mara


Innate Abilities, Weirdness & Mutations

You can wield a second weapon in your off-hand.
It takes a long time for you to wield or remove held weapons.
Your first few attacks do less damage.
Attacking and casting redirects power from your legs.
Your flesh is cold resistant. (rC+)
Potions are less effective at restoring your health.


Message History

Your +9 spectral demon blade {Cihuaton} hits the Orb Guardian!
The Orb Guardian blinks!
Unknown command.
Your +9 spectral demon blade {Cihuaton} disappears.
Unknown command.
You slash the Orb Guardian with your +9 spectral demon blade!
The Orb Guardian is severely wounded.
You hit the Orb Guardian with your +9 quick blade of distortion. x2
The Orb Guardian is devoured by a tear in reality.
You are no longer unable to travel.
There is a stone staircase leading up here.
You climb upwards.
There is a stone staircase leading down, spattered with blood here.
There is a stone staircase leading up here.
Items here: )) [ ÷÷.
You climb upwards.
There is a stone staircase leading down here.
You open the door.
There is an open door here.
You open the door.
There is an open door here.
There is a large open door here.
There is a large open door here.
Things that are here:
a frilled lizard skeleton; an adder skeleton You see here a hobgoblin skeleton.
There is a stone staircase leading up here.
You climb upwards.
There is a stone staircase leading down here.
An Orb Guardian comes into view.
The Orb Guardian hits you but does no damage.
You spin and attack the Orb Guardian repeatedly.
You slice the Orb Guardian with your +9 spectral demon blade!!
The Orb Guardian is moderately wounded.
You puncture the Orb Guardian with your +9 quick blade of distortion! x2
The Orb Guardian is devoured by a tear in reality.
Unknown command.
A blizzard demon comes into view.
There is a staircase leading out of the dungeon here.
You have escaped!

.# #.######......# #.# #.#..
.####...........#.# #.# ###.#.#
........####..###.###.# #......
.#.#.#.## ##.........# #.#.#..
...#.#.# #.....##### #.#.#.#
.......## ##......## ##......
..≈≈≈≈..####..≈≈≈≈§§# #...##.>
.≈≈≈§≈§......≈≈≈≈.≈.######.#...##
.≈≈≈§≈§......≈≈>@≈≈..........#.##
.§≈≈§≈§....2.≈≈≈≈≈≈..#####..##.#.
.§≈§§≈........≈≈≈≈...............
...............................÷#
...###..................##.##...#
....####.####...####.##....#.....
.........# #...# #.......#).#.#
###.###### #...# #.......#..#.#
#.# #...# ####.......#..


You could see a blizzard demon.

Vanquished Creatures
  3 dread liches
  2 ancient liches
  5 orbs of fire
  A pandemonium lord (Zig:8)
  Josephina (Depths:4)
  Sojobo (Vaults:3)
  Bai Suzhen (Vaults:4)
  A royal mummy (Crypt:3)
  3 Killer Klowns (Zot:5)
  2 antique champions (WizLab)
  Saint Roka (Depths:1)
  4 curse toes
  5 golden dragons
  the Enchantress (Depths:1)
  2 bone dragons
  Jory (Depths:4)
  Nikola (Spider:3)
  A doom hound (Zot:2)
  An electric golem (Zot:5)
  Jorgrun (D:12)
  16 tentacled monstrosities
  A Brimstone Fiend (Zig:8)
  Mlioglotl (Spider:1)
  11 liches
  Rupert (Spider:1)
  2 Ice Fiends
  22 Orb Guardians (Zot:5)
  Grunn (Zot:2)
  2 acid blobs (Zig:12)
  Asterion (Depths:2)
  A kraken (Shoals:1)
  4 quicksilver dragons
  7 titans (Vaults:5)
  2 deep elf master archers
  Polyphemus (Shoals:2)
  4 deep elf blademasters
  8 death cobs
  8 ancient champions
  6 sphinxes
  The ghost of Eniguat the Marksant, an adept FoHu of Fedhas (Depths:2)
  The ghost of Eniguat the Marksant, an adept FoHu of Fedhas (Depths:2)
  Gastronok (D:8)
  6 shadow dragons
  6 tengu reavers
  12 storm dragons
  3 revenants
  4 draconian monks
  Roxanne (D:15)
  5 protean progenitors
  2 nagarajas (Zig:9)
  2 draconian shifters
  7 emperor scorpions
  9 frost giants
  2 azure jellies (Zig:12)
  10 deep elf sorcerers (Elf:3)
  14 vault wardens
  6 fire giants
  4 iron dragons
  7 draconian knights
  7 ghost moths
  5 deep elf elementalists (Elf:3)
  4 draconian annihilators
  5 draconian scorchers
  A caustic shrike zombie (Crypt:3)
  A balrug (Depths:3)
  A curse skull (Zig:11)
  6 ghouls
  5 draconian stormcallers
  4 spriggan defenders
  A demonspawn corrupter (Zig:8)
  A cacodemon (Zig:8)
  A reaper (Crypt:2)
  An angel (Depths:1)
  10 vampire knights
  17 ironbound preservers
  3 broodmothers
  3 formless jellyfish
  7 orc warlords
  9 stone giants
  15 deep elf annihilators
  12 very ugly things
  5 ironbound thunderhulks
  4 spark wasps
  A bunyip (Zig:1)
  9 deep elf demonologists
  15 deep elf death magi
  8 black draconians
  3 yellow draconians
  3 war gargoyles
  6 purple draconians
  The ghost of yakattack the Grappler, a journeyman VSFi of Okawaru (Orc:2)
  17 red draconians
  15 green draconians
  7 white draconians
  8 eidola
  A crystal guardian (Vaults:4)
  A dire elephant (Vaults:2)
  14 ettins
  2 mummy priests (Crypt:3)
  3 merfolk javelineers
  The ghost of Enyveb the Skirmisher, a journeyman FoHu of Gozag (Lair:2)
  7 merfolk impalers
  22 yaktaur captains
  4 deep elf high priests (Elf:3)
  2 spectral krakens (Shoals:4)
  8 fire dragons
  6 great orbs of eyes
  8 jiangshi
  4 rakshasas
  Harold (D:9)
  32 vault guards
  12 entropy weavers
  7 ice dragons
  Erolcha (Orc:2)
  2 catoblepae
  3 peacekeepers
  A salamander tyrant (Zig:9)
  3 ogre magi
  16 ironbound frosthearts
  11 boulder beetles
  An Orb Guardian zombie (Crypt:3)
  2 radroaches
  A hell beast (Depths:1)
  The ghost of Sumgai83 the Unseen, a journeyman SpEn of Hepliaklqana (Spider:1)
  5 ghost crabs
  7 hydras
  An alligator snapping turtle (Shoals:2)
  An anaconda (Zig:5)
  3 spriggan air magi (Depths:1)
  A fenstrider witch skeleton (Crypt:1)
  A spriggan skeleton (Crypt:3)
  4 two-headed ogres
  2 merfolk avatars
  2 jorogumos
  8 centaur warriors
  2 merfolk aquamancers (Shoals:4)
  20 dancing weapons
  6 death yaks
  A sphinx skeleton (D:15)
  2 death knights (Vaults:3)
  3 deep troll earth magi
  3 deep troll shamans
  3 occultists
  Urug (Orc:2)
  4 satyrs
  2 vampire magi
  3 thrashing horrors (Zig:7)
  2 shock serpents (Zig:9)
  A spectral formless jellyfish (Shoals:4)
  12 tengu warriors
  3 orc high priests
  A shock serpent (shapeshifter) (Vaults:5)
  6 demonic crawlers
  2 naga sharpshooters
  A naga warrior (Zig:9)
  18 deep elf knights
  Nergalle (Orc:2)
  4 shadow wraiths
  4 spriggan berserkers
  7 iron trolls
  4 fire crabs (D:11)
  12 pharaoh ants
  5 sun demons
  A wretched star (Zig:7)
  4 hell knights
  2 sixfirhies
  7 skysharks
  3 soul eaters
  A spriggan druid (Zig:6)
  4 storm dragon zombies (WizLab)
  A goliath frog (Lair:5)
  6 flayed ghosts
  3 glowing orange brains
  A storm dragon skeleton (WizLab)
  8 sea snakes
  A shadow dragon zombie (Crypt:3)
  A mana viper (Zig:9)
  3 shadow demons (Depths:4)
  19 skeletal warriors
  53 deep trolls
  12 orb spiders
  4 bog bodies
  An orange crystal statue (Zot:5)
  16 ironbound convokers
  A sun moth (Spider:1)
  A naga ritualist (Zig:5)
  A kraken simulacrum (Shoals:4)
  3 arcanists
  A deep troll (shapeshifter) (Vaults:5)
  29 orc knights
  Pikel (D:4)
  11 harpies
  6 steelbarb worms
  A bunyip skeleton (Crypt:3)
  14 lindwurms
  An obsidian statue (Zig:8)
  11 phantasmal warriors
  12 deep elf archers
  10 necromancers
  2 wolf spider zombies (D:15)
  A goliath frog zombie (Crypt:1)
  20 ugly things
  28 deep elf pyromancers
  A fire giant zombie (Crypt:3)
  13 manticores
  5 fauns
  A tengu skeleton (Depths:1)
  23 deep elf zephyrmancers
  11 orc sorcerers
  2 shining eyes (Zig:12)
  3 cyclopes
  2 will-o-the-wisps (Zig:6)
  A frost giant zombie (Crypt:2)
  4 salamanders
  5 human skeletons
  6 meliai
  6 merfolk sirens
  21 wolf spiders
  An alligator skeleton (Crypt:1)
  7 centaur zombies (D:15)
  4 elephants (Lair:3)
  7 water nymphs
  4 black mambas
  A fire giant skeleton (Vaults:5)
  25 moths of wrath
  2 guardian serpents (Zig:9)
  3 kobold blastminers
  An apocalypse crab (D:11)
  A dire elephant zombie (Crypt:1)
  3 stone giant skeletons
  13 vault sentinels
  A guardian serpent (shapeshifter) (Vaults:5)
  A smoke demon (Zig:7)
  4 naga magi
  Maggie (D:6)
  4 gargoyles
  5 torpor snails
  An eye of devastation (Zig:12)
  A hellion (D:7)
  A purple draconian zombie (Crypt:2)
  2 rime drakes (Lair:3)
  2 freezing wraiths
  7 large abominations
  2 tormentors
  25 cane toads
  2 spectral merfolk (Shoals:4)
  2 spriggan zombies
  5 tengu conjurers
  2 efreet
  An unseen horror (D:11)
  29 yaktaurs
  2 kobold demonologists
  12 komodo dragons
  Psyche (D:8)
  A redback zombie (D:15)
  9 guardian mummies
  A yaktaur skeleton (Vaults:1)
  An ancient zyme (Zig:7)
  An anaconda simulacrum (Crypt:1)
  A spectral water nymph (Shoals:4)
  A harpy zombie (Crypt:3)
  17 merfolk
  19 trolls
  A death yak skeleton (Crypt:3)
  6 wind drakes
  A moth of wrath zombie (Crypt:2)
  23 tarantellas
  2 spectral manticores (Shoals:4)
  A tyrant leech (Lair:5)
  A harpy skeleton (Crypt:3)
  8 hornets
  A meliai zombie (D:15)
  A glass eye (Zig:12)
  28 blink frogs
  A wind drake (shapeshifter) (Vaults:5)
  An iron dragon simulacrum (Depths:4)
  7 snapping turtles
  9 dream sheep
  An ettin zombie (Crypt:3)
  A dream sheep (shapeshifter) (Vaults:5)
  32 jumping spiders
  A black mamba zombie (Crypt:1)
  A spectral wind drake (Shoals:4)
  20 slime creatures
  A centaur simulacrum (D:15)
  2 air elementals (Elf:3)
  23 culicivoras
  11 water elementals
  2 ushabtiu (Crypt:3)
  10 wyverns
  5 spriggans
  6 starcursed masses (Zig:7)
  A fire elemental (Zig:10)
  72 yaks
  An elf simulacrum (Vaults:1)
  4 wraiths
  79 redbacks
  A golden eye (shapeshifter) (D:15)
  6 vampires
  8 basilisks
  4 fire bats (Volcano)
  14 wargs
  A golden eye (Zig:12)
  A hog (shapeshifter) (D:15)
  5 steam dragons
  Menkaure (D:5)
  A harpy simulacrum (D:15)
  11 vampire mosquitoes
  3 swamp worms (shapeshifter)
  2 acid dragons
  4 nagas
  A deep troll zombie (WizLab)
  A fire bat skeleton (Crypt:3)
  A two-headed ogre zombie (WizLab)
  14 water moccasins
  2 naga skeletons
  45 orc warriors
  An ettin simulacrum (WizLab)
  5 ice beasts
  A black bear (Lair:3)
  A wolf (shapeshifter) (Vaults:5)
  15 laughing skulls
  16 ogres
  10 wolves
  A swamp dragon zombie (WizLab)
  6 centaurs
  A lemure (D:3)
  A manticore skeleton (Crypt:1)
  A swamp dragon skeleton (WizLab)
  4 elf zombies
  A rime drake zombie (Crypt:3)
  3 phantoms
  A hog skeleton (Crypt:1)
  2 kobold brigands
  15 bullfrogs
  2 earth elementals (Elf:3)
  8 scorpions
  2 gnoll sergeants
  2 glowing shapeshifter simulacra (Depths:4)
  A draconian skeleton (Crypt:1)
  A warg skeleton (Crypt:2)
  8 wights
  13 killer bees
  A swamp dragon simulacrum (WizLab)
  5 howler monkeys
  6 electric eels
  2 bombardier beetles
  3 crimson imps (D:10)
  A black bear zombie (Crypt:2)
  25 orc priests
  A gnoll bouda (D:8)
  Crazy Yiuf (D:4)
  A human zombie (Crypt:1)
  3 hounds
  5 jellies
  3 sleepcaps
  6 iguanas
  26 orc wizards
  An ogre zombie (Crypt:2)
  5 mummies (Crypt:1)
  16 gnolls
  9 adders
  A steam dragon skeleton (Crypt:2)
  A shadow imp (D:7)
  8 white imps
  4 ufetubi
  2 dart slugs (D:1)
  2 ribbon worms
  76 orcs
  3 bats
  8 endoplasms
  3 giant cockroaches
  12 goblins
  4 hobgoblins
  4 jackals (D:3)
  24 kobolds
  4 quokkas
  8 ball pythons
  4 frilled lizards
  A hobgoblin skeleton (Crypt:1)
  6 rats
  3 aspiring fleshes
  3 ball lightnings (Zig:8)
  8 tentacles
2372 creatures vanquished.

Vanquished Creatures (collateral kills)
  A deep elf death mage (Elf:3)
  A spriggan air mage (Depths:1)
  A dancing weapon (Elf:2)
  A deep elf zephyrmancer (Elf:2)
  An ugly thing (Depths:2)
  A necromancer (Vaults:5)
  A smoke demon (Depths:2)
  A water elemental (Elf:3)
  An entropy weaver zombie (Vaults:5)
  An elf zombie (Elf:1)
10 creatures vanquished.

Vanquished Creatures (others)
  A Brimstone Fiend (Zig:8)
  A demonspawn black sun (Zig:8)
  A green death (Zig:8)
  An ogre mage (D:13)
  A deep elf knight (Zig:10)
  A water moccasin (shapeshifter) (D:15)
  A human zombie (Depths:1)
  A hornet zombie (Depths:1)
  21 elf zombies
  A crimson imp (D:10)
  4 orc zombies (Depths:1)
  A kobold (D:3)
  9 ball lightnings (Zig:8)
  2 foxfires (Zig:6)
  6 fulminant prisms
  27 spectral weapons
  23 tentacles
102 creatures vanquished.

Grand Total: 2484 creatures vanquished

Notes
Turn   | Place    | Note
-------+----------+-------------------------------------------
     0 | D:1      | huiren the Coglin Alchemist began the quest for the Orb.
     0 | D:1      | Reached XP level 1. HP: 13/13 MP: 3/3
    16 | D:1      | Reached skill level 1 in Conjurations
    82 | D:1      | Reached XP level 2. HP: 19/19 MP: 1/4
   419 | D:1      | Reached XP level 3. HP: 24/24 MP: 3/5
   422 | D:1      | Learned a level 2 spell: Mercury Vapours
   464 | D:1      | You fall into a shaft and drop 1 floor!
   702 | D:1      | Found Ustruolaru's General Store.
   709 | D:1      | Learned a level 3 spell: Mephitic Cloud
  1180 | D:2      | Reached XP level 4. HP: 26/30 MP: 5/7
  1185 | D:2      | Reached skill level 1 in Air Magic
  1814 | D:3      | Reached XP level 5. HP: 31/35 MP: 6/8
  2011 | D:3      | Found a basalt altar of Yredelemnul.
  2040 | D:3      | Found a sparkling altar of Nemelex Xobeh.
  2041 | D:3      | Found a hazy altar of Hepliaklqana.
  2042 | D:3      | Found an opulent altar of Gozag.
  2146 | D:3      | Reached skill level 5 in Alchemy
  2410 | D:4      | Noticed Pikel
  2410 | D:4      | Noticed a lemure
  2410 | D:4      | Noticed a lemure
  2410 | D:4      | Noticed a lemure
  2410 | D:4      | Noticed a lemure
  2419 | D:3      | Killed a lemure
  2459 | D:4      | Noticed a phantom
  2470 | D:3      | Killed a phantom
  2471 | D:3      | Reached XP level 6. HP: 32/41 MP: 8/10
  2479 | D:3      | Learned a level 4 spell: Olgreb's Toxic Radiance
  2673 | D:4      | Found a runed translucent door.
  2674 | D:4      | Noticed Crazy Yiuf
  2702 | D:4      | Killed Crazy Yiuf
  2850 | D:4      | Killed Pikel
  2851 | D:4      | Reached XP level 7. HP: 46/46 MP: 7/11
  2926 | D:4      | Reached XP level 8. HP: 52/52 MP: 12/12
  3550 | D:4      | Reached skill level 5 in Short Blades
  3656 | D:5      | Entered Level 5 of the Dungeon
  3673 | D:5      | Noticed Menkaure
  3982 | D:5      | Reached skill level 1 in Fire Magic
  3982 | D:5      | Reached XP level 9. HP: 52/57 MP: 9/13
  3987 | D:5      | Learned a level 4 spell: Sticky Flame
  4599 | D:5      | Killed Menkaure
  4840 | D:6      | Noticed Maggie
  4851 | D:6      | Killed Maggie
  5771 | D:7      | Found a staircase to the Ecumenical Temple.
  5780 | Temple   | Entered the Ecumenical Temple
  5836 | D:7      | Reached XP level 10. HP: 22/63 MP: 5/14
  6664 | D:7      | Found a glowing silver altar of Zin.
  6722 | D:7      | Found a glowing golden altar of the Shining One.
  6722 | D:7      | Found a white marble altar of Elyvilon.
  7290 | D:8      | Noticed Psyche
  7300 | D:8      | Found an ornate altar of the Wu Jian Council.
  7301 | D:8      | Found a hide-covered altar of Uskayaw.
  7303 | D:8      | Found an ancient bone altar of Kikubaaqudgha.
  7303 | D:8      | Found a shimmering altar of Xom.
  7305 | D:8      | Found a blossoming altar of Fedhas.
  7306 | D:8      | Found an iron altar of Okawaru.
  7310 | D:8      | Became a worshipper of the Wu Jian Council
  7565 | D:7      | Reached skill level 5 in Dodging
  7795 | D:8      | Reached * piety under Wu Jian
  7971 | D:8      | Noticed Gastronok
  8014 | D:8      | Killed Gastronok
  8015 | D:8      | Reached skill level 10 in Short Blades
  8015 | D:8      | Reached XP level 11. HP: 27/68 MP: 3/16
  8193 | D:8      | Found a staircase to the Lair.
  8462 | D:8      | Killed Psyche
  8560 | D:9      | Found a flagged portal.
  8585 | Bailey   | Entered a bailey
  8590 | Bailey   | Noticed an orc warlord
  8625 | Bailey   | Reached skill level 1 in Fighting
  8740 | Bailey   | Noticed an orc knight
  8748 | Bailey   | Killed an orc knight
  8824 | Bailey   | Found a runed translucent gate.
  8826 | Bailey   | Found a runed translucent gate.
  8828 | Bailey   | Found a runed translucent gate.
  8908 | Bailey   | Killed an orc warlord
  9035 | Bailey   | Reached XP level 12. HP: 88/88 MP: 17/17
  9118 | D:9      | Found a shimmering blue altar of Sif Muna.
  9356 | D:9      | Found a snail-covered altar of Cheibriados.
  9634 | D:9      | Noticed Harold
  9639 | D:9      | Reached ** piety under Wu Jian
  9641 | D:9      | Killed Harold
  9749 | D:10     | Entered Level 10 of the Dungeon
  9933 | D:10     | Noticed a four-headed hydra
  9949 | D:10     | Killed a four-headed hydra
 11291 | D:1      | Bought a scroll of acquirement for 624 gold pieces
 11291 | D:1      | Acquired a +2 quick blade of protection
 11293 | D:1      | Acquired the ring "Keotsimp" {Wiz +Blink Int+5}
 11295 | D:1      | Acquired the +5 robe of Night {Dark Will+ SInv}
 11295 | D:1      | Found the +5 robe of Night {Dark Will+ SInv}
 11627 | Lair:1   | Entered Level 1 of the Lair of Beasts
 11728 | Lair:1   | Reached *** piety under Wu Jian
 11734 | Lair:1   | Reached XP level 13. HP: 74/98 MP: 10/18
 11769 | Lair:1   | Found a dark tunnel.
 11805 | Volcano  | Entered a volcano
 12268 | Volcano  | Noticed a fire dragon
 12275 | Volcano  | Killed a fire dragon
 12587 | Lair:1   | Reached **** piety under Wu Jian
 13649 | Lair:2   | Reached ***** piety under Wu Jian
 14506 | Lair:2   | Reached skill level 5 in Stealth
 14506 | Lair:2   | Reached XP level 14. HP: 59/108 MP: 14/19
 14506 | Lair:2   | Found a runed translucent gate.
 14506 | Lair:2   | Found a runed translucent gate.
 14506 | Lair:2   | Found a runed translucent gate.
 14640 | Lair:2   | Noticed Enyveb's ghost (journeyman FoHu)
 14929 | Lair:2   | Killed Enyveb's ghost
 15327 | Lair:3   | Found a hole to the Spider Nest.
 15669 | Lair:3   | Found a staircase to the Shoals.
 16382 | Lair:4   | Got Sif Muna's Papyrus of the Shared Manifold
 16395 | Lair:4   | Found a transporter.
 16492 | Lair:4   | Reached ****** piety under Wu Jian
 16849 | Lair:4   | Found a transporter.
 17144 | Lair:4   | Noticed Lovepenguin's ghost (journeyman DrBe)
 17159 | Lair:5   | Entered Level 5 of the Lair of Beasts
 17198 | Lair:5   | Reached skill level 10 in Stealth
 17213 | Lair:5   | Reached skill level 10 in Dodging
 17477 | Lair:5   | Reached skill level 10 in Fighting
 17556 | Lair:5   | Reached XP level 15. HP: 111/115 MP: 20/20
 17930 | Lair:5   | Identified the ring "Lyhuodd" {rF+ Str+3 Slay-6 SInv}
 18082 | Lair:5   | Reached skill level 5 in Evocations
 18141 | Lair:5   | Found a viscous altar of Jiyva.
 18601 | Lair:5   | Acquired a book of Transmutation
 18604 | Lair:5   | Upgraded the game from 0.32-a0-361-g289a535 to
                  | 0.32-a0-391-gce5c0aa
 18847 | D:11     | Learned a level 4 spell: Petrify
 18853 | D:11     | Learned a level 5 spell: Irradiate
 18882 | D:11     | Identified the staff of the Tiger {^Fragile +Blink rElec
                  | rCorr Summ Air}
 19077 | D:11     | Found a runed translucent door.
 20380 | D:11     | Reached skill level 5 in Spellcasting
 20450 | D:11     | Learned a level 4 spell: Fulminant Prism
 20713 | D:11     | Identified the staff of Ridwepool {rPois rN+ Str+2 Conj
                  | Alchemy}
 20853 | D:12     | Reached skill level 1 in Earth Magic
 21218 | D:12     | Noticed Jorgrun
 21231 | D:12     | Killed Jorgrun
 21873 | D:12     | Found a staircase to the Orcish Mines.
 21956 | Orc:1    | Entered Level 1 of the Orcish Mines
 21958 | Orc:1    | Noticed an orc warlord
 21966 | Orc:1    | Reached skill level 5 in Conjurations
 21977 | Orc:1    | Killed an orc warlord
 22312 | Orc:2    | Entered Level 2 of the Orcish Mines
 22348 | Orc:2    | Noticed Nergalle
 22357 | Orc:2    | Killed Nergalle
 23016 | Orc:2    | Found a transporter.
 23024 | Orc:2    | Found a transporter.
 23028 | Orc:2    | Noticed yakattack's ghost (journeyman VSFi)
 23032 | Orc:2    | Killed yakattack's ghost
 23056 | Orc:2    | Reached skill level 5 in Earth Magic
 23056 | Orc:2    | Reached XP level 16. HP: 123/123 MP: 4/23
 23066 | Orc:2    | Identified the ring of the Rescuing Enemy {rElec rPois
                  | rCorr Str+3}
 23170 | Orc:2    | Reached XP level 17. HP: 129/129 MP: 24/24
 23347 | Orc:2    | Noticed Erolcha
 23353 | Orc:2    | Killed Erolcha
 23459 | Orc:2    | Found a roughly hewn altar of Beogh.
 23934 | Orc:2    | Found Ememm's General Store.
 23939 | Orc:2    | Noticed Urug
 23953 | Orc:2    | Killed Urug
 24046 | Orc:2    | Found a staircase to the Elven Halls.
 24122 | Orc:2    | Found Xetsa's Antique Weapon Shoppe.
 24161 | Orc:2    | Found Vatoxy's Antique Armour Shoppe.
 24183 | Orc:2    | Found Fajaiwn's Book Shoppe.
 24368 | D:13     | Noticed Hicry's ghost (journeyman TrSh)
 24394 | D:13     | Found a runed translucent gate.
 24394 | D:13     | Found a runed translucent gate.
 24395 | D:13     | Found a runed translucent gate.
 25455 | D:13     | Found a gate to the Vaults.
 25809 | D:14     | Reached skill level 10 in Alchemy
 26102 | D:14     | Found a broken altar of Ashenzari.
 26344 | D:15     | Entered Level 15 of the Dungeon
 26344 | D:15     | Found Biosch's Antique Armour Shoppe.
 26345 | D:15     | Noticed Roxanne
 26370 | D:15     | Killed Roxanne
 26606 | D:15     | Found Fifiusos's Distillery.
 27056 | D:15     | Reached skill level 10 in Conjurations
 27056 | D:15     | Found a staircase to the Depths.
 27415 | D:15     | Found Fypterch's General Store.
 27496 | D:15     | Found Bymauxt's Assorted Antiques.
 27502 | D:15     | Bought a pitted robe for 142 gold pieces
 27502 | D:15     | Identified the +1 robe "Cahoemya" {rPois} (You bought it in
                  | a shop on level 15 of the Dungeon)
 27502 | D:15     | Bought a pair of embroidered gloves for 187 gold pieces
 27868 | D:15     | Bought an amulet of regeneration for 540 gold pieces
 28041 | Orc:2    | Bought a spiked scale mail for 207 gold pieces
 28041 | Orc:2    | Identified the +7 scale mail "Noicu" {rF- rCorr Str+8
                  | Dex-5} (You bought it in a shop on level 2 of the Orcish
                  | Mines)
 28233 | Spider:1 | Entered Level 1 of the Spider Nest
 28302 | Spider:1 | Noticed Rupert
 28314 | Spider:1 | Killed Rupert
 28487 | Spider:1 | Noticed Mlioglotl
 28603 | Spider:1 | Found a runed translucent door.
 28603 | Spider:1 | Noticed Sumgai83's ghost (journeyman SpEn)
 28612 | Spider:1 | Reached XP level 18. HP: 119/133 MP: 21/25
 28627 | Spider:1 | Killed Sumgai83's ghost
 29933 | Spider:1 | Killed Mlioglotl
 32019 | Spider:3 | Noticed Nikola
 32453 | Spider:3 | Reached skill level 15 in Dodging
 32546 | Spider:3 | Killed Nikola
 33188 | Spider:4 | Entered Level 4 of the Spider Nest
 33542 | Spider:4 | Reached XP level 19. HP: 142/142 MP: 26/26
 34776 | Spider:4 | Identified the +0 pair of boots "Itat" {Fly Str-4 Dex+3}
 34791 | Spider:4 | Got a gossamer rune of Zot
 34990 | Shoals:1 | Entered Level 1 of the Shoals
 35375 | Shoals:1 | Found Siybuzx Sotu's General Store.
 36504 | Shoals:2 | Noticed Polyphemus
 36521 | Shoals:2 | Killed Polyphemus
 36572 | Shoals:2 | Found Abbidea's Weapon Emporium.
 37626 | Shoals:4 | Entered Level 4 of the Shoals
 37755 | Shoals:4 | Identified the +2 leather armour of the Eagle {Str+3}
 38169 | Shoals:4 | Got a barnacled rune of Zot
 38240 | Shoals:4 | Reached XP level 20. HP: 65/159 MP: 19/27
 39149 | Shoals:4 | Found Sskiaps's Superlative Supplies.
 39521 | Shoals:4 | Identified the ring of the Shrike {rF+ MP+9}
 39822 | Shoals:4 | Reached skill level 15 in Fighting
 40154 | Vaults:1 | Entered Level 1 of the Vaults
 40297 | Vaults:1 | Found a magical portal.
 40318 | WizLab   | Entered Zonguldrok's Shrine
 41150 | WizLab   | Noticed an antique champion
 41150 | WizLab   | Noticed an antique champion
 41158 | WizLab   | Got the Notes on Unhallowed Ceremonies
 41196 | WizLab   | Killed an antique champion
 41344 | WizLab   | Identified the +1 shadow dragon scales "Ineh" {rN+
                  | Stlth++++}
 41368 | WizLab   | Identified the +12 crystal plate armour of Weirdness {rElec
                  | Str+4 Dex+6}
 41527 | WizLab   | Killed an antique champion
 41662 | Vaults:1 | Found Paicwer's Distillery.
 43356 | Vaults:1 | Reached XP level 21. HP: 72/171 MP: 33/33
 44117 | Vaults:1 | Reached skill level 10 in Evocations
 45845 | Vaults:2 | Found a glowing golden altar of the Shining One.
 46617 | Vaults:3 | Found a staircase to the Crypt.
 47230 | Vaults:3 | Reached skill level 1 in Long Blades
 47864 | Vaults:3 | Noticed Sojobo
 48123 | Vaults:3 | Killed Sojobo
 48124 | Vaults:3 | Reached skill level 5 in Long Blades
 48886 | Vaults:4 | Reached XP level 22. HP: 165/178 MP: 19/34
 50078 | Vaults:4 | Noticed Bai Suzhen
 50102 | Vaults:4 | Killed Bai Suzhen
 50802 | Vaults:4 | Reached skill level 10 in Long Blades
 51161 | Vaults:1 | Upgraded the game from 0.32-a0-391-gce5c0aa to
                  | 0.32-a0-411-g744942f
 51433 | Elf:1    | Entered Level 1 of the Elven Halls
 52338 | Elf:1    | Got the Encyclopedia of Malignant Liturgies
 53119 | Elf:2    | Found a runed translucent gate.
 53120 | Elf:2    | Found a runed translucent gate.
 53120 | Elf:2    | Found a runed translucent gate.
 54282 | Elf:3    | Entered Level 3 of the Elven Halls
 54306 | Elf:3    | Found a flickering gateway to a bazaar.
 54313 | Bazaar   | Entered a bazaar
 54315 | Bazaar   | Found Jamoizao's Assorted Antiques.
 54319 | Bazaar   | Found Douvink's Assorted Antiques.
 54320 | Bazaar   | Found Maogaer's Magic Scroll Boutique.
 54321 | Bazaar   | Found Wehefo's Antique Armour Boutique.
 54343 | Bazaar   | Bought a pair of runed gloves for 187 gold pieces
 54349 | Bazaar   | Bought a pair of glowing boots for 157 gold pieces
 54358 | Bazaar   | Bought a scroll of enchant weapon for 90 gold pieces
 54358 | Bazaar   | Bought a scroll of enchant weapon for 90 gold pieces
 54363 | Bazaar   | Bought a pair of runed gloves for 157 gold pieces
 54403 | Bazaar   | Bought a scroll of blinking for 157 gold pieces
 54432 | Elf:3    | Paralysed by an air elemental for 1 turns
 55076 | Elf:3    | Identified the staff of Bread {Int+4 Conj}
 55261 | Elf:3    | Identified the +9 glaive "Arbiter" {antimagic, rElec
                  | Will+++ Int+3 SInv}
 55263 | Elf:3    | Reached XP level 23. HP: 146/185 MP: 21/35
 55281 | Elf:3    | Identified the +2 glaive "Dial" {elec, Int+3}
 55307 | Elf:3    | Identified the +0 buckler of Crawling {rF+ Int+5}
 55680 | Elf:3    | Identified the ring of Yesterday {rF+ Will+}
 55895 | Elf:3    | Got the Incunable of the Tomb
 56018 | Elf:3    | Identified the amulet of Intercession {Spirit rF+}
 56021 | Elf:3    | Identified the +4 mace "Huahuu Noho" {protect, Str+2 Dex+4
                  | SInv}
 56086 | Elf:3    | Identified the +1 plate armour of Hishas {*Corrode rN+
                  | Int+5}
 56386 | Depths:1 | Entered Level 1 of the Depths
 56444 | Depths:1 | Noticed Saint Roka
 56452 | Depths:1 | Killed Saint Roka
 56674 | Depths:1 | Noticed the Enchantress
 56676 | Depths:1 | Killed the Enchantress
 57021 | Depths:1 | Found Dohull's Jewellery Emporium.
 57021 | Depths:1 | Found Zamodgho's Jewellery Emporium.
 57022 | Depths:1 | Found Omnis's Book Boutique.
 57101 | Depths:1 | Found a gateway to Hell.
 57204 | Depths:1 | Found a one-way gateway to a ziggurat.
 57249 | Depths:1 | Identified the +9 spear of the Final Decision {spect,
                  | Int+3}
 57692 | Depths:1 | Found a one-way gate leading to the halls of Pandemonium.
 58347 | Depths:2 | Identified the +5 long sword of Wikumes {pain, rPois rC+
                  | Str+2 Int+4}
 58391 | Depths:2 | Found a one-way gate to the infinite horrors of the Abyss.
 58518 | Depths:2 | Noticed Mara
 58519 | Depths:2 | Banished Mara
 58519 | Depths:2 | Reached XP level 24. HP: 199/199 MP: 35/35
 58711 | Depths:2 | Noticed Asterion
 58712 | Depths:2 | Killed Asterion
 58761 | Depths:2 | Found a runed translucent gate.
 58761 | Depths:2 | Found a runed translucent gate.
 58761 | Depths:2 | Found an ancient bone altar of Kikubaaqudgha.
 58762 | Depths:2 | Found a runed translucent gate.
 58762 | Depths:2 | Noticed a dread lich
 58762 | Depths:2 | Noticed Eniguat's ghost (adept FoHu)
 58763 | Depths:2 | Noticed Eniguat's ghost (adept FoHu)
 58765 | Depths:2 | Noticed a dread lich
 58859 | Depths:2 | Identified the +4 pair of boots "Pedoufeh" {rN+}
 58948 | Depths:2 | Found Fiomir's Book Emporium.
 59382 | Depths:3 | Noticed a juggernaut
 59385 | Depths:3 | Banished a juggernaut
 60078 | Depths:4 | Entered Level 4 of the Depths
 60078 | Depths:4 | Found Utaus's Distillery.
 60080 | Depths:4 | Bought a potion of heal wounds for 120 gold pieces
 60541 | Depths:4 | Noticed Jory
 60552 | Depths:4 | Killed Jory
 60553 | Depths:4 | Reached skill level 1 in Armour
 60775 | Depths:4 | Identified the ring "Ryom" {Ice Will+ Int+3 Dex-2 SInv}
 60775 | Depths:4 | Noticed Josephina
 61167 | Depths:4 | Killed Josephina
 61214 | Depths:4 | Found a gate to the Realm of Zot.
 61775 | Crypt:1  | Entered Level 1 of the Crypt
 63297 | D:15     | Bought a runed scarf for 208 gold pieces
 63612 | Crypt:2  | Reached XP level 25. HP: 157/214 MP: 35/35
 64213 | Crypt:3  | Entered Level 3 of the Crypt
 64300 | Crypt:3  | Found a transporter.
 64300 | Crypt:3  | Noticed Ciwiv's ghost (veteran FoFi)
 64344 | Crypt:3  | Found a transporter.
 64464 | Crypt:3  | Identified the +5 great mace of Courage {freeze, Will+}
 64674 | Crypt:3  | Found a staircase to the Tomb.
 64731 | Crypt:3  | Reached skill level 15 in Evocations
 65102 | Crypt:3  | Identified the ring of Coronation {rPois rN+ Dex+5}
 65102 | Crypt:3  | Noticed a royal mummy
 65114 | Crypt:3  | Killed a royal mummy
 65239 | Crypt:3  | Found a basalt altar of Yredelemnul.
 65240 | Crypt:3  | Found an ancient bone altar of Kikubaaqudgha.
 65256 | Crypt:3  | Got the Encyclopedia of the Nocuous Syncline
 65258 | Crypt:3  | Got the Omnibus of Rocky Hoarfrost
 65277 | Crypt:3  | Got the Papyrus of the Mortuary
 65442 | Crypt:3  | Learned a level 4 spell: Vhi's Electric Charge
 65533 | Crypt:3  | Identified the ring of Irudixue {rN+ EV+5 Str+7 Dex-5
                  | Stlth+}
 65812 | Vaults:5 | Entered Level 5 of the Vaults
 65817 | Vaults:5 | Reached skill level 1 in Translocations
 65870 | Vaults:5 | Reached skill level 5 in Air Magic
 65872 | Vaults:5 | Reached skill level 5 in Translocations
 65966 | Vaults:5 | Identified the ring "Rofaerghe" {rPois rN+ Str+6 Int+2
                  | Slay-4}
 65970 | Vaults:5 | Got a silver rune of Zot
 65979 | Vaults:5 | Identified the +7 orcbow of Emuseos {drain, rN+ rCorr MP-9
                  | Int+5}
 65980 | Vaults:5 | Identified the +5 orcbow of Weak Eternal Vigilance {speed,
                  | rElec Dex+4 SInv}
 65983 | Vaults:5 | Identified the +1 leather armour of Dim Light {rC- Dex+4}
 65988 | Vaults:5 | Got the Tractate on Melanosis
 66245 | Vaults:5 | Identified the +0 plate armour "Rowaut" {rCorr}
 66285 | Vaults:5 | Reached XP level 26. HP: 181/222 MP: 35/35
 66438 | Vaults:5 | Noticed a dread lich
 66439 | Vaults:5 | Banished a dread lich
 66605 | Vaults:5 | Identified the +9 dagger of the Hungering Fool {heavy,
                  | rElec MP+9 Int+5}
 67045 | Vaults:5 | Found the +6 Majin-Bo {spellvamp, MP+6 Int+6}
 67048 | Vaults:5 | Got the Thoughts on the Hazy Quarry
 67060 | Vaults:5 | Identified the ring of Puess {+Blink rElec rCorr Dex+6
                  | Slay+2}
 67075 | Vaults:5 | Identified the +0 scale mail of Fedhas's Displeasure
                  | {^Drain Str+4 Int+2}
 67184 | Vaults:5 | Identified the +1 pair of gloves "Loproisiv" {Will++ Int+3}
 67456 | Vaults:5 | Identified the +3 plate armour of Guoriw {-Cast Dex+3 SInv}
 67812 | Vaults:5 | Identified the +1 robe of Viekkuet {Str+3}
 67838 | Vaults:5 | Identified the ring "Lextam" {rPois rN+}
 68136 | Depths:2 | Banished a dread lich
 68137 | Depths:2 | Killed a dread lich
 68137 | Depths:2 | Killed Eniguat's ghost
 68138 | Depths:2 | Killed Eniguat's ghost
 68147 | Depths:2 | Identified the amulet "Jemmig" {Reflect rPois SH+5}
 68158 | Depths:2 | Identified the +1 pair of boots of the Camelopard {rC+}
 68837 | Zot:1    | Entered Level 1 of the Realm of Zot
 68934 | Depths:1 | Bought a book of the Warp for 588 gold pieces
 68939 | Depths:1 | Learned a level 4 spell: Manifold Assault
 69017 | Depths:2 | Bought a book of the Moon for 720 gold pieces
 69022 | Depths:2 | Learned a level 4 spell: Passage of Golubria
 69090 | Zig:1    | Entered Level 1 of a ziggurat
 69106 | Zig:2    | Entered Level 2 of a ziggurat
 69115 | Zig:2    | Identified the +5 plate armour "Rudijo" {Rampage}
 69122 | Zig:3    | Entered Level 3 of a ziggurat
 69137 | Zig:4    | Entered Level 4 of a ziggurat
 69178 | Zig:5    | Entered Level 5 of a ziggurat
 69283 | Zig:6    | Entered Level 6 of a ziggurat
 69293 | Zig:6    | Reached skill level 5 in Armour
 69310 | Zig:6    | Identified the staff of the Maze {rElec Int+2 Dex+3 Air}
 69344 | Zig:7    | Entered Level 7 of a ziggurat
 69383 | Zig:7    | Identified the amulet "Umnihim" {Faith -Cast rPois Dex+4}
 69603 | Zig:8    | Entered Level 8 of a ziggurat
 69612 | Zig:8    | Noticed Tounaegu the pandemonium lord
 69615 | Zig:8    | Reached skill level 10 in Translocations
 69618 | Zig:8    | Found the +7 great mace "Undeadhunter" {deathbane, rN+}
 69623 | Zig:8    | Killed Tounaegu the pandemonium lord
 69982 | Zig:8    | Identified the +0 short sword of the Inferno {antimagic,
                  | rF+}
 69985 | Zig:9    | Entered Level 9 of a ziggurat
 70207 | Zig:9    | Identified the +0 plate armour of Ravioli {^Contam rPois
                  | rF++ Dex-4}
 70236 | Zig:10   | Entered Level 10 of a ziggurat
 70405 | Zig:10   | Identified the staff of Vumirikutu {rElec SInv Air Earth}
 70411 | Zig:10   | Identified the staff "Geivveesch" {rPois rN+ Int+3 Earth
                  | Alchemy}
 70412 | Zig:10   | Identified the +11 orcbow of Duty {heavy, rF+}
 70448 | Zig:11   | Entered Level 11 of a ziggurat
 70455 | Zig:11   | Noticed a dread lich
 70457 | Zig:11   | Noticed an ancient lich
 70459 | Zig:11   | Banished a dread lich
 70461 | Zig:11   | Killed an ancient lich
 70462 | Zig:11   | Reached XP level 27. HP: 210/228 MP: 35/35
 70471 | Zig:11   | Identified the +3 great sword "Lisheschof" {pain, ^Contam
                  | rC++ Int+5}
 70474 | Zig:11   | Identified the staff "Kumoir" {rF+ Stlth+ Fire}
 70494 | Zig:11   | Identified the +9 long sword "Diwko" {freeze, +Blink rPois}
 70517 | Zig:12   | Entered Level 12 of a ziggurat
 70549 | Zig:12   | Identified the ring "Jauxyhut" {Wiz rPois rN+++ MP+9
                  | Stlth-}
 70560 | Zig:12   | Identified the +1 pair of gloves of Courage {rF+ Int+3}
 70563 | Zig:12   | Identified the +0 glaive "Ocaxziur" {venom, rElec Int-2
                  | Dex+4 Stlth+}
 70564 | Zig:12   | Identified the +8 quarterstaff of Calculation {spect, rF+
                  | Str+3}
 70850 | Zot:1    | Reached skill level 10 in Armour
 72547 | Zot:2    | Noticed a dread lich
 72553 | Zot:2    | Killed a dread lich
 72570 | Zot:2    | Noticed an ancient lich
 72574 | Zot:2    | Banished an ancient lich
 72581 | Zot:2    | Noticed a dread lich
 72582 | Zot:2    | Banished a dread lich
 72667 | Zot:2    | Noticed Grunn
 72680 | Zot:2    | Killed Grunn
 72840 | Zot:2    | Reached skill level 15 in Armour
 72999 | Zot:2    | Found a transporter.
 73009 | Zot:2    | Noticed an orb of fire
 73011 | Zot:2    | Gained mutation: Your body sometimes deteriorates upon
                  | taking damage. [an orb of fire]
 73012 | Zot:2    | Killed an orb of fire
 73323 | Zot:2    | Noticed Egutz's ghost (master TrFi)
 73352 | Zot:2    | Noticed an orb of fire
 73352 | Zot:2    | Gained mutation: You are clumsy. (Dex -2) [an orb of fire]
 73353 | Zot:2    | Gained mutation: You do not regenerate when monsters are
                  | visible. [an orb of fire]
 73354 | Zot:2    | Gained mutation: You sometimes lose your temper in combat.
                  | [an orb of fire]
 73359 | Zot:2    | Killed an orb of fire
 73694 | Zot:2    | Found a transporter.
 73943 | Depths:4 | Bought a potion of mutation for 192 gold pieces
 73943 | Depths:4 | Lost mutation: You sometimes lose your temper in combat.
                  | [potion of mutation]
 73943 | Depths:4 | Lost mutation: Your body sometimes deteriorates upon taking
                  | damage. [potion of mutation]
 73943 | Depths:4 | Lost mutation: You do not regenerate when monsters are
                  | visible. [potion of mutation]
 73943 | Depths:4 | Gained mutation: You have hidden genetic defects. [potion
                  | of mutation]
 73943 | Depths:4 | Gained mutation: You are partially covered in iridescent
                  | scales. (AC +2) [potion of mutation]
 73943 | Depths:4 | Gained mutation: You are resistant to electric shocks.
                  | (rElec) [potion of mutation]
 73944 | Depths:4 | Lost mutation: You have hidden genetic defects. [potion of
                  | mutation]
 73944 | Depths:4 | Lost mutation: You are partially covered in iridescent
                  | scales. (AC +2) [potion of mutation]
 73944 | Depths:4 | Lost mutation: You are resistant to electric shocks.
                  | (rElec) [potion of mutation]
 73944 | Depths:4 | Lost mutation: You are clumsy. (Dex -2) [potion of
                  | mutation]
 73944 | Depths:4 | Gained mutation: Your flesh is cold resistant. (rC+)
                  | [potion of mutation]
 75414 | Zot:4    | Acquired the scarf of the Treeataur {rC+ rF+, Will++}
 76701 | Zot:4    | Found a transporter.
 77226 | Zot:5    | Entered Level 5 of the Realm of Zot
 77854 | Zot:5    | Noticed a dread lich
 77860 | Zot:5    | Killed a dread lich
 77951 | Zot:5    | Noticed an orb of fire
 77951 | Zot:5    | Noticed an orb of fire
 77952 | Zot:5    | Noticed an ancient lich
 77959 | Zot:5    | Killed an orb of fire
 77960 | Zot:5    | Banished an orb of fire
 77981 | Zot:5    | Killed an ancient lich
 78238 | Zot:5    | Noticed an orb of fire
 78242 | Zot:5    | Noticed an orb of fire
 78243 | Zot:5    | Noticed an orb of fire
 78244 | Zot:5    | Killed an orb of fire
 78245 | Zot:5    | Noticed a dread lich
 78247 | Zot:5    | Banished an orb of fire
 78250 | Zot:5    | Gained mutation: Potions are less effective at restoring
                  | your health. [an orb of fire]
 78251 | Zot:5    | Banished a dread lich
 78251 | Zot:5    | Killed an orb of fire
 78497 | Zot:5    | Got the Orb of Zot
 78746 | Depths:3 | Noticed Guffoski the pandemonium lord
 78749 | Depths:3 | Banished Guffoski the pandemonium lord
 79112 | D:$      | Escaped with the Orb!

Illustrated notes

Levels and vault maps discovered:
D:1:      dpeg_arrival_pits, layout_loops_cross, serial_shops,
          nicolae_shop_real_fake_doors, hangedman_decor_clover_reticule,
          st_stairs_7
D:2:      layout_basic, serial_park_tiny_2, chequers_serial_rivers_small_b,
          columned_hall_lemuel
D:3:      layout_rooms, mainiacjoe_overflow_alcove_3, lexackson_kobold_supper
D:4:      minmay_opposing_rooms, layout_gridville, uniq_crazy_yiuf_cottage,
          uniq_pikel
D:5:      layout_gridville, uniq_menkaure
D:6:      layout_basic, serial_glass, glass_columns_a, glass_columns_b,
          minmay_fractal_squares_diagonal_5, uniq_maggie
D:7:      minmay_recursive_quarters, layout_loops_ring,
          dreamdust_divine_triumvirate
D:8:      lemuel_ice_statue, layout_basic, grunt_temple_overflow_open,
          david_lair_generic, nrook_mini_vaults,
          serial_library_hellmonk_big_corner, uniq_psyche, uniq_gastronok
D:9:      layout_basic, general_overflow_altar, cheibrodos_worm_habitat,
          enter_bailey_3, uniq_harold
D:10:     layout_loops_corners, minmay_fire_ice_demons
D:11:     gammafunk_mikee_crab_dinner, layout_basic,
          hangedman_abyss_or_decor_jellyfish_corner
D:12:     layout_cave_pods, erik_orc_2, uniq_jorgrun
D:13:     layout_loops_cross, grunt_vaults_entry_fortified,
          gammafunk_ghost_split
D:14:     layout_roguey, cheibrodos_ashenzari_chains
D:15:     grunt_enter_depths_magical_seal, layout_cave_pools, serial_shops,
          nicolae_shop_gibbet_a_chance, nicolae_lakefront_shop, shop,
          nicolae_shop_overgrown_old_shop, serial_undead, serial_undead_e,
          serial_undead_c, serial_undead_e, serial_undead_a, serial_undead_b,
          serial_undead_c, uniq_roxanne
Temple:   nicolae_temple_great_sept
Lair:1:   beast_lair_carwin_large_2, layout_gridlike,
          nicolae_volcano_entry_lava_flow, chequers_serial_rivers_small_a,
          guppyfry_lair_drakes, grunt_megastairs_2
Lair:2:   layout_chaotic_city, ebering_ghost_rock_garden, serial_bayou_shore_a,
          infiniplex_staircase_pool_2
Lair:3:   layout_gridlike, elwin_shoals_entry_stream, dummy_spider_entry,
          grunt_megastairs_3
Lair:4:   layout_regular_city, nzn_ghost_randoct
Lair:5:   minmay_lair_end_frog_pond, layout_regular_city,
          minmay_slime_entry_oklob_enclosed, bobbens_ice_dragon_lair
Shoals:1: layout_shoals, serial_shops, shop
Shoals:2: layout_shoals, serial_shops, nicolae_stop_n_shop_1, kb_tengu_band,
          uniq_polyphemus
Shoals:3: layout_shoals, nicolae_shoals_gull_way
Shoals:4: shoals_end_grunt_ice, layout_shoals, nicolae_alphabet_shops,
          nicolae_shoals_seven_spires, nicolae_shoals_spectral_cove
Spider:1: layout_chambers, ebering_ghost_inner_flame, uniq_rupert,
          uniq_mlioglotl
Spider:2: layout_spider_delve
Spider:3: layout_spider_delve, drop_trap, nicolae_spider_circle_web,
          nicolae_spider_rock_and_or_roll, uniq_nikola
Spider:4: spider_rune_water
Orc:1:    layout_caves
Orc:2:    grunt_orc_cross, layout_caves, gammafunk_ghost_berserking_beasts
Elf:1:    minmay_elf_arrival_summoners, layout_onion_city,
          minmay_elf_necromancy, serial_library_hellmonk_room_b,
          minmay_misc_feat_alley, minivault_25_ag
Elf:2:    nicolae_elf_blades_crystal_corner, layout_rooms,
          ebering_ghost_rock_garden
Elf:3:    nooodl_elf_gasket, layout_loops_cross, serial_shops,
          bzr_entry_lakeside, st_stairs_8, hangedman_glass_teeth
Vaults:1: lightli_enter_wizlab_magi_temple, nicolae_vaults_ninety_degrees,
          nicolae_vaults_little_squares_6, nicolae_vaults_trapezoid_3,
          vaults_room_fancy_cross, nicolae_vaults_shelves_hall,
          hangedman_vaults_restitches, vaults_room_boxed, nooodl_orcs_dogs,
          nicolae_vaults_trapezoid_4, nicolae_vaults_storage_room_water,
          nicolae_vaults_storage_closets_2,
          nicolae_vaults_windows_and_doors_thing,
          nicolae_vaults_border_crossing, nicolae_vaults_house_1,
          nicolae_vaults_house_1, layout_vaults_omnicross, serial_shops, shop
Vaults:2: nicolae_vaults_apartment_2, nicolae_vaults_little_squares_2,
          grunt_vaults_hallway_long, lemuel_angel_altar,
          vaults_room_stairs_pillars, vaults_room_pool, vaults_dpeg_doors,
          hangedman_vaults_stretched_pinwheel, nicolae_vaults_six-pack,
          nicolae_vaults_asterisk, nicolae_vaults_tetromino_Z_1,
          nicolae_vaults_surprise_closet_hard, dpeg_vaults_monster_box,
          layout_vaults_chaotic_city
Vaults:3: ontoclasm_vaults_bender, ontoclasm_vaults_ring_large,
          grunt_vaults_focal, nicolae_vaults_sealed_display, v_pattern_4,
          nicolae_vaults_tangram_1, grunt_vaults_hallway_short,
          blue_anna_dwarven_crypt, ontoclasm_vaults_hangar,
          nicolae_vaults_theta, nicolae_vaults_more_shelving_1,
          layout_vaults_omnigrid, uniq_sojobo
Vaults:4: nicolae_vaults_ellipses_ellipsis, nicolae_vaults_house_3,
          nicolae_vaults_double_plus_3, nicolae_vaults_turnstiles,
          vaults_room_pool, ontoclasm_vaults_twist,
          nicolae_vaults_circle_grid_a, v_misc_25,
          nicolae_vaults_closet_pinwheel_1, v_misc_29, hangedman_vaults_hat,
          nicolae_vaults_octothorpe, minmay_orc_keep,
          nicolae_vaults_ring_of_whatevers, v_misc_17, ontoclasm_vaults_gateway,
          layout_vaults_omnibox, uniq_bai_suzhen
Vaults:5
Crypt:1:  layout_regular_city, grunt_crypt_arrival_guarded_gate
Crypt:2:  layout_misc_corridors, grunt_megastairs_5
Crypt:3:  lightli_unholy_cathedral, layout_chaotic_city,
          tomb_entry_simple_bobbens, gammafunk_ghost_mausoleum
Depths:1: layout_gridlike, enter_ziggurat_d, rand_demon_pan_entry_8, hell_entry,
          kennysheep_just_a_vault, minmay_shop_grove, uniq_enchantress,
          uniq_saint_roka
Depths:2: nicolae_moon_pools, layout_gridlike, hell_entry,
          hangedman_abyss_entry_splay, serial_shops, shop,
          grunt_pan_entry_in_and_out, gammafunk_ghost_crypt, uniq_asterion,
          uniq_mara
Depths:3: minmay_diamond_stairs, layout_long_grid,
          abyss_entry_small_statue_room, lightli_too_deep, pan_entry,
          nicolae_elevator_lobby_plus
Depths:4: grunt_twist_and_shout, layout_gridville, serial_shops, shop,
          rand_demon_pan_entry_7, pf_hell_entry_tar_spiral,
          chequers_hall_statues_y, nrook_kobold_shadow_demons, uniq_josephina,
          uniq_jory, uniq_margery
Zot:1:    lemuel_halls_of_wrath, layout_gridlike
Zot:2:    hellmonk_crystal_mountain, layout_gridlike,
          gammafunk_ghost_abyssal_escape, uniq_grunn
Zot:3:    layout_cathedral_of_symmetry, grunt_ministairs_6,
          regret_index_zotdec_fiery_em
Zot:4:    grunt_zot_stairs_faceoff, layout_twisted_circle, nicolae_diode_basic
Zot:5:    layout_cathedral_of_symmetry, grunt_ministairs_9, skrybe_zot_glass_1

Skill      XL: |  1  2  3  4  5  6  7  8  9 10 11 12 13 14 15 16 17 18 19 20 21 22 23 24 25 26 27 |
---------------+----------------------------------------------------------------------------------+-----
Conjurations   | 1 2 6 7 10 11 | 11.8
Alchemy        | 4 5 7 9 12 13 | 13.3
Spellcasting   | 2 3 5 8 |  8.7
Air Magic      | 1 2 7 8 |  8.7
Short Blades   | 3 6 8 10 11 12 14 | 14.0
Fire Magic     | 1 4 |  4.3
Dodging        | 3 7 8 9 10 11 15 17 20 21 22 | 22.4
Fighting       | 6 7 9 10 14 16 18 21 22 | 22.2
Stealth        | 5 10 | 10.0
Evocations     | 6 8 11 16 17 | 17.7
Earth Magic    | 5 6 7 8 |  8.7
Long Blades    | 6 13 | 13.0
Armour         | 3 8 19 | 19.5
Translocations | 7 11 12 | 12.7

Action                     |  1- 3 |  4- 6 |  7- 9 | 10-12 | 13-15 | 16-18 | 19-21 | 22-24 | 25-27 || total
---------------------------+-------+-------+-------+-------+-------+-------+-------+-------+-------++-------
  Melee: Unarmed           |     1 |       |       |       |       |       |       |       |       ||     1
         Dagger            |    47 |   179 |   246 |   512 |   871 |   674 |       |       |       ||  2529
         Short sword       |     2 |    17 |       |   218 |     5 |       |       |       |       ||   242
         Quick blade       |       |       |       |    54 |  1711 |  1442 |  2640 |  1473 |  2544 ||  9864
         Rapier            |       |       |       |       |       |    77 |  1335 |   223 |       ||  1635
         Double sword      |       |       |       |       |       |       |       |   805 |       ||   805
         Demon blade       |       |       |       |       |       |       |       |   342 |  1272 ||  1614
   Cast: Sting             |    34 |    13 |     1 |     1 |       |       |       |       |       ||    49
         Mephitic Cloud    |       |     5 |     3 |     9 |    23 |    14 |     7 |     2 |       ||    63
         Olgreb's Toxic Ra |       |       |    19 |    36 |    48 |    22 |    22 |     4 |     1 ||   152
         Mercury Vapours   |       |       |     1 |       |       |       |       |       |       ||     1
         Sticky Flame      |       |       |     8 |    11 |    12 |    16 |    38 |     6 |       ||    91
         Petrify           |       |       |       |       |    10 |    35 |    27 |       |       ||    72
         Fulminant Prism   |       |       |       |       |     2 |     2 |       |     2 |       ||     6
         Irradiate         |       |       |       |       |       |    27 |    40 |    21 |     2 ||    90
         Manifold Assault  |       |       |       |       |       |       |       |       |    94 ||    94
         Vhi's Electric Ch |       |       |       |       |       |       |       |       |     2 ||     2
         Passage of Golubr |       |       |       |       |       |       |       |       |     2 ||     2
 Invoke: Serpent's Lash    |       |       |       |       |     6 |    14 |    32 |    36 |    40 ||   128
         Heavenly Storm    |       |       |       |       |       |       |     1 |     1 |     4 ||     6
Ability: Lunge             |       |       |       |    35 |   117 |    82 |   161 |   224 |   271 ||   890
         Whirlwind         |       |       |       |    18 |   123 |    96 |   167 |   377 |   392 ||  1173
         Wall Jump         |       |       |       |       |     4 |     6 |    11 |     8 |     8 ||    37
  Evoke: Wand              |       |       |       |     6 |       |       |     1 |     2 |       ||     9
         Phial of floods   |       |       |       |       |       |       |     1 |       |       ||     1
         Lightning rod     |       |       |       |       |       |       |     4 |       |       ||     4
         Sack of spiders   |       |       |       |       |       |       |       |       |     1 ||     1
    Use: Scroll            |       |     3 |     3 |     7 |    17 |     5 |     6 |    13 |    11 ||    65
         Potion            |       |       |       |     4 |     4 |     3 |     8 |     1 |    10 ||    30
   Stab: Sleeping          |     1 |     1 |     6 |     8 |    37 |    48 |    97 |    71 |    49 ||   318
         Confused          |       |     3 |     2 |    13 |    51 |    25 |    11 |       |       ||   105
         Petrified         |       |       |       |       |    10 |     7 |    14 |       |       ||    31
         Distracted        |       |       |       |       |    12 |     8 |    13 |    16 |    28 ||    77
         Petrifying        |       |       |       |       |    11 |    47 |    25 |       |       ||    83
         Invisible         |       |       |       |       |       |       |     4 |       |       ||     4
         Held in net/web   |       |       |       |       |       |       |       |       |     4 ||     4
 Armour: Robe              |    20 |    26 |    24 |     5 |   250 |   306 |   487 |   259 |    62 ||  1439
         Acid dragon scale |       |       |    11 |    16 |       |       |       |       |       ||    27
         Steam dragon scal |       |       |       |    77 |       |       |       |       |       ||    77
         Fire dragon scale |       |       |       |       |       |       |       |       |   180 ||   180
  Dodge: Dodged            |    41 |    62 |    73 |   226 |   507 |   609 |   784 |   463 |   354 ||  3119

Table legend: (Time is in decaauts)
 A = Elapsed time spent in this place.
 B = Non-inter-level travel time spent in this place.
 C = Inter-level travel time spent in this place.
 D = Time resting spent in this place.
 E = Time spent auto-exploring this place.
 F = Levels seen in this place.
 G = Mean time per level.
                   A        B        C        D        E       F      G
               +--------+--------+--------+--------+--------+-----+--------+
         Total |  79471 |  71719 |   7752 |  18984 |  35692 |  67 | 1186.1 |
       Dungeon |  20564 |  17290 |   3274 |   3726 |  10058 |  15 | 1370.9 |
        Temple |    153 |    150 |      3 |    131 |      0 |   1 |  153.0 |
          Lair |   6926 |   6277 |    649 |    677 |   4200 |   5 | 1385.2 |
        Shoals |   4988 |   4873 |    115 |   1790 |   1202 |   4 | 1247.0 |
   Spider Nest |   6747 |   6522 |    225 |   2473 |   2484 |   4 | 1686.8 |
  Orcish Mines |   2537 |   2271 |    266 |    613 |   1019 |   2 | 1268.5 |
   Elven Halls |   4611 |   4464 |    147 |   1233 |   2276 |   3 | 1537.0 |
        Vaults |  12447 |  11527 |    920 |   3658 |   5598 |   5 | 2489.4 |
         Crypt |   3540 |   3287 |    253 |    826 |   1791 |   3 | 1180.0 |
        Depths |   5936 |   4715 |   1221 |    494 |   3162 |   4 | 1484.0 |
           Zot |   6985 |   6310 |    675 |   1533 |   3299 |   5 | 1397.0 |
      Ziggurat |   1480 |   1480 |      0 |    757 |    231 |  12 |  123.3 |
        Bazaar |    102 |    102 |      0 |      0 |      3 |   1 |  102.0 |
        Bailey |    494 |    494 |      0 |    132 |    142 |   1 |  494.0 |
       Volcano |    729 |    729 |      0 |    197 |    200 |   1 |  729.0 |
        Wizlab |   1225 |   1225 |      0 |    742 |     24 |   1 | 1225.0 |
               +--------+--------+--------+--------+--------+-----+--------+

Top non-repeatable levels by time:
Vaults:1: 3385 daAuts
Vaults:3: 2789 daAuts
Vaults:4: 2768 daAuts
    D:11: 2210 daAuts
Spider:1: 2149 daAuts
Shoals:4: 1994 daAuts
   Zot:1: 1853 daAuts
Vaults:2: 1773 daAuts
     D:8: 1773 daAuts
Vaults:5: 1731 daAuts
  Lair:1: 1712 daAuts
Spider:4: 1709 daAuts
Depths:1: 1702 daAuts
Depths:4: 1674 daAuts
    D:13: 1674 daAuts
